 Dungeon Crawl Stone Soup version 0.31-a0-174-g85c54bcb58 (webtiles) character file.

Game seed: 18343865093088266358

1037 Hajna the Cleaver (level 8, -5/70 HPs)
             Began as a Hill Orc Monk on June 15, 2023.
             Slain by Prince Ribbit (15 damage)
             ... on level 5 of the Dungeon.
             The game lasted 00:16:29 (4712 turns).

Hajna the Cleaver (Hill Orc Monk)                   Turns: 4712, Time: 00:16:30

Health: -5/70      AC: 12    Str: 16    XL:     8   Next: 24%
Magic:  2/2        EV:  8    Int: 10    God:
Gold:   291        SH:  0    Dex: 13    Spells: 7/7 levels left

rFire   . . .        x - +8 war axe of Xyakkai {antimagic, rN+}
rCold   . . .        (no shield)
rNeg    + . .        n - +0 chain mail
rPois   .            (no helmet)
rElec   .            k - +2 cloak {Stlth+}
rCorr   .            (no gloves)
SInv    .            (no boots)
Will    .....        (no amulet) Stlth
                     (no ring)
HPRegen 0.31/turn    (no ring)
MPRegen 0.08/turn

%: no passive effects
@: no status effects
A: no striking features
a: no special abilities


You were on level 5 of the Dungeon.
You visited 1 branch of the dungeon, and saw 5 of its levels.

You collected 291 gold pieces.

Inventory:

Hand Weapons
 a - a +0 hand axe of freezing
 j - a +3 quarterstaff of chaos
 x - the +8 war axe of Xyakkai (weapon) {antimagic, rN+}
   (You found it on level 5 of the Dungeon)

   rN:        It protects you from negative energy.
Missiles
 g - 2 poisoned darts
Armour
 b - a +0 robe
 d - an orb of light
 i - a +0 ring mail
 k - a +2 cloak of stealth (worn)
 n - a +0 chain mail (worn)
Magical Staves
 m - a staff of fire
Wands
 l - a wand of flame (17) (quivered)
 w - a wand of charming (10)
Scrolls
 h - 2 scrolls of identify
 s - a scroll of enchant weapon {unknown}
 y - a scroll of noise {unknown}
Potions
 c - a potion of ambrosia
 e - a potion of brilliance {unknown}
 f - a potion of might
 o - a potion of enlightenment {unknown}
 p - a potion of mutation {unknown}
 r - a potion of invisibility {unknown}
 t - a potion of degeneration {unknown}
 u - a potion of magic {unknown}
 v - a potion of curing
 z - a potion of attraction {unknown}


   Skills:
 + Level 5.7 Fighting
 + Level 9.2 Axes
 + Level 4.4 Armour
 + Level 3.3 Dodging
 + Level 1.0 Stealth
 + Level 1.9 Evocations


You had 7 spell levels left.
You didn't know any spells.
Your spell library contained the following spells:

 Spells                   Type           Power      Damage    Failure   Level
 Sandblast                Erth           0%         2d4       99%         1
 Passwall                 Tmut/Erth      0%         N/A       99%         2
 Stone Arrow              Conj/Erth      0%         3d7       100%        3


Dungeon Overview and Level Annotations

Branches:
Dungeon (5/15)             Temple (0/1) D:4

Altars:
Cheibriados
Nemelex Xobeh
Sif Muna
Trog
Wu Jian
Xom

Shops:
D:1 [

Annotations:
D:5 Prince Ribbit


Message History

Prince Ribbit croaks regally.
Press: ? - help, v - describe, . - travel
Here: Prince Ribbit The floor.
Okay, then.
The puff of flame hits Prince Ribbit!
Prince Ribbit is moderately wounded.
The puff of flame misses Prince Ribbit.
Prince Ribbit hits you but does no damage.
You slash Prince Ribbit!
Prince Ribbit's magic leaks into the air.
Prince Ribbit is severely wounded.
Prince Ribbit hits you!
You miss Prince Ribbit.
Prince Ribbit is severely wounded.
Prince Ribbit hits you! x2
You barely miss Prince Ribbit.
Prince Ribbit is severely wounded.
Prince Ribbit falters for a moment.
You barely miss Prince Ribbit.
Prince Ribbit is severely wounded.
Prince Ribbit hits you but does no damage.
Prince Ribbit falters for a moment.
You closely miss Prince Ribbit.
Prince Ribbit is severely wounded.
Prince Ribbit hits you!
You feel much better. Prince Ribbit barely misses you.
You miss Prince Ribbit.
Prince Ribbit is severely wounded.
Prince Ribbit hits you! Prince Ribbit closely misses you.
You slash Prince Ribbit!
Prince Ribbit's magic leaks into the air.
Prince Ribbit is almost dead.
Prince Ribbit hits you!
You hit Prince Ribbit but do no damage.
Prince Ribbit is almost dead.
Prince Ribbit hits you!
* * * LOW HITPOINT WARNING * * *
Prince Ribbit hits you!
You die...

####...........#
.#######.###...#
...........+...#
#.###....###...#
..........########.#
#..#..........)....#
#..#..####..)#######.#
#..#.................#
#..##.#######...@####
#..#......# ####F#
#..######.# #(.#
#.........# .....
#.######### ...### #.#
#...# #.# #...# #.#
#...# ..#


You could see Prince Ribbit (magic disrupted).

Vanquished Creatures
  The ghost of iVAG the Conjurer, an amateur DrCj (D:3)
  An ice beast (D:5)
  3 ogres
  A scorpion (D:4)
  A howler monkey (D:4)
  2 jellies (D:4)
  Crazy Yiuf (D:3)
  2 sleepcaps (D:5)
  5 orc wizards
  Ijyb (D:3)
  Terence (D:3)
  A mummy (D:3)
  5 adders
  A white imp (D:5)
  2 worms (D:2)
  6 dart slugs
  11 orcs
  5 ball pythons
  3 endoplasms (D:4)
  3 giant cockroaches
  3 goblins
  8 hobgoblins
  A quokka (D:2)
  5 bats
  3 frilled lizards
  5 kobolds
  3 rats (D:2)
84 creatures vanquished.

Notes
Turn   | Place    | Note
-------+----------+-------------------------------------------
     0 | D:1      | Hajna the Hill Orc Monk began the quest for the Orb.
     0 | D:1      | Reached XP level 1. HP: 19/19 MP: 1/1
    44 | D:1      | Reached XP level 2. HP: 24/27 MP: 2/2
   490 | D:1      | Reached XP level 3. HP: 24/33 MP: 3/3
   542 | D:1      | Found Jyf Gyax's Antique Armour Shoppe.
  1322 | D:2      | Reached skill level 5 in Axes
  1547 | D:2      | Reached XP level 4. HP: 41/41 MP: 4/4
  1949 | D:3      | Found a bloodstained altar of Trog.
  1983 | D:3      | Noticed iVAG's ghost (amateur DrCj)
  1985 | D:3      | Found a transporter.
  1988 | D:3      | Found a transporter.
  2015 | D:3      | Killed iVAG's ghost
  2016 | D:3      | Reached skill level 6 in Axes
  2016 | D:3      | Reached XP level 5. HP: 41/47 MP: 5/5
  2357 | D:3      | Found a runed translucent door.
  2358 | D:3      | Noticed Crazy Yiuf
  2367 | D:3      | Killed Crazy Yiuf
  2368 | D:3      | Reached XP level 6. HP: 27/55 MP: 6/6
  2519 | D:3      | Found a shimmering blue altar of Sif Muna.
  2637 | D:3      | Found a shimmering altar of Xom.
  2652 | D:3      | Noticed Ijyb
  2666 | D:3      | Killed Ijyb
  2767 | D:3      | Noticed Terence
  2786 | D:3      | Killed Terence
  2932 | D:3      | Found a snail-covered altar of Cheibriados.
  2948 | D:3      | Reached skill level 5 in Fighting
  3630 | D:4      | Reached skill level 7 in Axes
  3657 | D:4      | Reached XP level 7. HP: 51/61 MP: 7/7
  3906 | D:4      | Found a staircase to the Ecumenical Temple.
  4238 | D:5      | Entered Level 5 of the Dungeon
  4281 | D:5      | Reached skill level 1 in Stealth
  4281 | D:5      | Reached skill level 1 in Evocations
  4364 | D:5      | Reached skill level 8 in Axes
  4373 | D:5      | Identified the +8 war axe of Xyakkai {antimagic, rN+}
  4440 | D:5      | Found a sparkling altar of Nemelex Xobeh.
  4465 | D:5      | Reached XP level 8. HP: 54/69 MP: 2/8
  4575 | D:5      | Found an ornate altar of the Wu Jian Council.
  4617 | D:5      | Reached skill level 9 in Axes
  4700 | D:5      | Noticed Prince Ribbit
  4712 | D:5      | Slain by Prince Ribbit

Illustrated notes

Levels and vault maps discovered:
D:1:      dpeg_arrival_solitude, layout_basic, serial_shops, nicolae_shop_trees
D:2:      layout_basic, minmay_misc_feat_square, grunt_ministairs_7
D:3:      layout_basic, slow_altar_2, lemuel_blue_sif_altar,
          mainiacjoe_overflow_tiny_flanked, mainiacjoe_overflow_24_doors,
          serial_forest, infiniplex_forest_lined_3_way,
          infiniplex_forest_lined_corner, infiniplex_forest_straight_2,
          infiniplex_forest_clump_double, infiniplex_forest_clump_curved,
          infiniplex_forest_clump_cross, infiniplex_forest_clump_diagonal,
          infiniplex_forest_lined_2, gammafunk_ghost_arena, uniq_terence,
          uniq_ijyb, uniq_crazy_yiuf_cottage
D:4:      layout_loops_ring, minmay_temple_entry_antechambers,
          chequers_serial_rivers_room_b, chequers_serial_rivers_large_a
D:5:      layout_basic, nemelex_xobeh_ov_fountains_minmay,
          nicolae_ru_path_of_blood, nicolae_wu_jian_wuxing_cycle,
          lemuel_zombie_altar_yredelemnul, uniq_prince_ribbit1

Skill      XL: |  1  2  3  4  5  6  7  8 |
---------------+-------------------------+-----
Fighting       | 4 5 |  5.7
Axes           | 5 6 7 8 9 |  9.2
Armour         | 2 3 4 |  4.4
Dodging        | 3 |  3.3
Stealth        | 1 |  1.0
Evocations     | 1 |  1.9

Action                     |  1- 3 |  4- 6 |  7- 9 || total
---------------------------+-------+-------+-------++-------
  Melee: Hand axe          |    96 |   130 |    39 ||   265
         War axe           |       |       |    43 ||    43
  Evoke: Wand              |       |     8 |    11 ||    19
    Use: Scroll            |       |     6 |       ||     6
         Potion            |       |     3 |     2 ||     5
   Stab: Sleeping          |       |     1 |       ||     1
 Armour: Ring mail         |    31 |    21 |       ||    52
         Robe              |     1 |       |       ||     1
         Chain mail        |       |    31 |    35 ||    66
  Dodge: Dodged            |    50 |    47 |    20 ||   117

Table legend: (Time is in decaauts)
 A = Elapsed time spent in this place.
 B = Non-inter-level travel time spent in this place.
 C = Inter-level travel time spent in this place.
 D = Time resting spent in this place.
 E = Time spent auto-exploring this place.
 F = Levels seen in this place.
 G = Mean time per level.
                   A        B        C        D        E       F      G
               +--------+--------+--------+--------+--------+-----+--------+
         Total |   4732 |   4473 |    259 |      0 |   3683 |   5 |  946.4 |
       Dungeon |   4732 |   4473 |    259 |      0 |   3683 |   5 |  946.4 |
               +--------+--------+--------+--------+--------+-----+--------+

Top non-repeatable levels by time:
     D:3: 1247 daAuts
     D:4: 1076 daAuts
     D:2: 1012 daAuts
     D:1: 923 daAuts
     D:5: 474 daAuts
